 Dungeon Crawl Stone Soup version 0.23-b1-75-g379dba2534 (webtiles) character file.

Game seed: 14051612108447577791

74 McKennaii the Skirmisher (level 4, -5/35 HPs)
             Began as a Demonspawn Fighter on Feb 6, 2019.
             Slain by an orc
             ... wielding a +1 mace of holy wrath
              (7 damage)
             ... on level 3 of the Dungeon.
             The game lasted 00:02:04 (1422 turns).

McKennaii the Skirmisher (Demonspawn Fighter)       Turns: 1422, Time: 00:02:05

Health: -5/35      AC:  6    Str: 17    XL:     4   Next: 9%
Magic:  4/4        EV:  7    Int: 10    God:
Gold:   93         SH:  9    Dex: 12    Spells: 3/3 levels left

rFire    . . .     SeeInvis .   a - +0 long sword
rCold    + . .     Gourm    .   c - +0 shield
rNeg     . . .     Faith    .   b - +0 scale mail
rPois    .         Spirit   .   (helmet restricted)
rElec    .         Reflect  .   p - scarf {cloud immunity}
rCorr    .         Harm     .   (no gloves)
MR       .....                  (no boots)
Stlth    ..........             (no amulet)
HPRegen  0.11/turn              (no ring)
MPRegen  0.09/turn              (no ring)

@: lethally poisoned (-5 -> -6)
A: horns 1, cold resistance 1
a: no special abilities


You were on level 3 of the Dungeon.
You were not hungry.

You visited 1 branch of the dungeon, and saw 3 of its levels.

You collected 93 gold pieces.

Inventory:

Hand Weapons
 a - a +0 long sword (weapon)
Armour
 b - a +0 scale mail (worn)
 c - a +0 shield (worn)
 p - a scarf of cloud immunity (worn)
Jewellery
 q - an uncursed ring of fire
Scrolls
 e - 2 scrolls of enchant armour {unknown}
 g - a scroll of teleportation {unknown}
 h - a scroll of identify {unknown}
 i - a scroll of magic mapping {unknown}
 j - a scroll of enchant weapon {unknown}
 o - a scroll of fear {unknown}
 s - a scroll of blinking {unknown}
Potions
 d - a potion of might
 k - a potion of invisibility {unknown}
 l - a potion of degeneration {unknown}
 m - a potion of cancellation {unknown}
 n - a potion of heal wounds {unknown}
Comestibles
 f - 4 rations
 r - 3 chunks of flesh


   Skills:
 + Level 3.4 Fighting
 + Level 2.7 Long Blades
 + Level 3.2 Armour
 + Level 3.1 Shields


You had 3 spell levels left.
You didn't know any spells.
Your spell library was empty.

Dungeon Overview and Level Annotations

Branches:
Dungeon (3/15)

Altars:
Cheibriados
Elyvilon
Fedhas
Gozag
Hepliaklqana
Zin


Innate Abilities, Weirdness & Mutations

You have a pair of small horns on your head.
Your flesh is cold resistant. (rC+)


Message History

You feel sick. You block the quokka's attack.
The quokka bites you but does no damage.
You block the adder's attack.
You feel sick.
A frilled lizard comes into view.
The frilled lizard hisses angrily.
The frilled lizard bites you but does no damage.
The quokka bites you but does no damage.
The frilled lizard barely misses you.
You riposte.
You barely miss the frilled lizard.
Unknown command.
An orc comes into view. It is wielding a +1 mace of holy wrath.
You feel sick.
The orc shouts!
You block the orc's attack.
You feel sick. The orc barely misses you.
The orc hits you with a +1 mace of holy wrath.
* * * LOW HITPOINT WARNING * * *
You convulse!
You die...

# # # .# # ..#
######### # ..
#.......# #####.#.
#.......# ......#.
#.......# ...####.
#.......# .#.####.##
##l......#
.#....#..###.r.S@...#
.#....##....o.oo....#
.#...[##.w...########
...........###
#........###
##.....#.# ##....#.#
.##....#.# ..)......#


You could see a worm, an adder, 3 orcs, a quokka and a frilled lizard.

Vanquished Creatures
  An adder (D:3)
  3 oozes
  A worm (D:3)
  2 dart slugs (D:1)
  3 leopard geckos
  4 orcs (D:3)
  2 ball pythons
  4 bats
  7 goblins
  2 hobgoblins
  4 kobolds (D:1)
  2 frilled lizards (D:1)
  2 rats
37 creatures vanquished.

Notes
Turn   | Place    | Note
-------+----------+-------------------------------------------
     0 | D:1      | McKennaii the Demonspawn Fighter began the quest for the
                  | Orb.
     0 | D:1      | Reached XP level 1. HP: 18/18 MP: 1/1
   126 | D:1      | Gained mutation: You have a pair of small horns on your
                  | head. [demonic ancestry]
   126 | D:1      | Reached XP level 2. HP: 24/24 MP: 2/2
   438 | D:1      | Gained mutation: Your flesh is cold resistant. (rC+)
                  | [demonic ancestry]
   438 | D:1      | Reached XP level 3. HP: 28/29 MP: 3/3
   757 | D:2      | Found a snail-covered altar of Cheibriados.
  1103 | D:2      | Found a white marble altar of Elyvilon.
  1107 | D:2      | Found a blossoming altar of Fedhas.
  1108 | D:2      | Found a glowing silver altar of Zin.
  1110 | D:2      | Found an opulent altar of Gozag.
  1112 | D:2      | Found a hazy altar of Hepliaklqana.
  1395 | D:3      | Reached XP level 4. HP: 31/35 MP: 4/4
  1422 | D:3      | Slain by an orc

Skill      XL: |  1  2 |
---------------+-------+-----
Shields        | 3 |  3.1
Armour         | 3 |  3.2
Long Blades    | 2 |  2.7
Fighting       | |  3.4

Action                   |  1- 3 |  4- 6 || total
-------------------------+-------+-------++-------
Melee: Long sword        |    75 |    12 ||    87
       Headbutt          |    12 |     2 ||    14
  Eat: Chunk             |     2 |       ||     2
Armor: Scale mail        |    36 |    20 ||    56
Dodge: Dodged            |    26 |    10 ||    36
Block: Shield            |    36 |    14 ||    50
       Rpst.: Long sword |     6 |     2 ||     8
